 Dungeon Crawl Stone Soup version 0.17-a0-1485-g22cb0ee (webtiles) character file.

148 emikaela the Sneak (level 5, 0/31 HPs)
             Began as an Octopode Wanderer on July 5, 2015.
             Was a Follower of Ashenzari.
             Slain by a worm (8 damage)
             ... on level 3 of the Dungeon.
             The game lasted 00:07:01 (2468 turns).

emikaela the Sneak (Octopode Wanderer)              Turns: 2468, Time: 00:07:01

Health: 0/31       AC:  1    Str:  9    XL:     5   Next: 30%
Magic:  5/5        EV: 13    Int: 17    God:    Ashenzari [*.....]
Gold:   143        SH:  0    Dex: 12    Spells: 0 memorised, 4 levels left

rFire  . . .     SeeInvis .     a - +2 dagger (curse)
rCold  . . .     Clarity  .     (no shield)
rNeg   . . .     SustAt   .     (helmet restricted)
rPois  .         Gourm    .     (no amulet)
rElec  .         Spirit   .     (no ring)
rCorr  .         Warding  .     (no ring)
rMut   .         Stasis   .     (no ring)
MR     .....                    (no ring)
Stlth  ++++......               (no ring)
                                (no ring)
                                (no ring)
                                (no ring)

@: not resistant to hostile enchantments, stealthy
A: almost no armour, amphibious, 8 rings, constrict 8, camouflage 1, gelatinous
body 1
a: Renounce Religion


You were on level 3 of the Dungeon.
You worshipped Ashenzari.
Ashenzari was aware of your devotion.
You were not hungry.

You visited 1 branch of the dungeon, and saw 3 of its levels.

You collected 143 gold pieces.

Inventory:

Hand weapons
 a - a cursed +2 dagger (weapon)
Missiles
 i - 99 stones (quivered)
 w - 19 arrows
 B - 8 steel sling bullets
Magical devices
 z - a wand of polymorph (11)
Scrolls
 b - a scroll of blinking
 g - a scroll of immolation {unknown}
 h - a scroll of fear {unknown}
 l - 2 scrolls of noise {unknown}
 p - a scroll of random uselessness {unknown}
 q - a scroll of magic mapping {unknown}
 u - a scroll of curse armour
 v - a scroll of curse weapon
 y - 3 scrolls of remove curse
Potions
 d - 2 potions of curing
 f - a potion of magic {unknown}
 m - a potion of cure mutation {unknown}
 o - 2 potions of lignification {unknown}
 r - a potion of agility {unknown}
 s - a potion of resistance {unknown}
 t - a potion of haste {unknown}
 A - a potion of mutation
Comestibles
 e - 3 bread rations
 n - a royal jelly
 x - 2 chunks of flesh
 C - a slice of pizza


   Skills:
 + Level 0.2 Fighting
 + Level 4.7 Short Blades
 - Level 4.0 Dodging
 - Level 5.3 Stealth
   Level 2.0 Shields


You had 4 spell levels left.
You didn't know any spells.

Dungeon Overview and Level Annotations

Branches:
Dungeon (3/15)

Altars:
Ashenzari
Nemelex Xobeh


Innate Abilities, Weirdness & Mutations

You cannot wear most types of armour.
You are amphibious.
You can wear up to eight rings at the same time.
You can use your tentacles to constrict eight enemies at once.
Your skin changes colour to match your surroundings (Stealth).
Your rubbery body absorbs attacks (AC +1).


Message History

The helpless goblin fails to defend itself.
You impale the goblin!!
You kill the goblin!
The worm bites you.
You hit the worm. Your grab misses the worm.
The worm is lightly wounded.
The worm bites you!
You barely miss the worm. You grab the worm.
The worm is lightly wounded.
You constrict the worm. You hit the worm.
The worm is moderately wounded.
You constrict the worm. The worm bites you!
You hit the worm.
The worm is heavily wounded.
You constrict the worm. You hit the worm.
The worm is severely wounded.
You constrict the worm. The worm bites you!
You die...

. . .. ..#....# #.# #. ...
......# .. .
#...........##.#
####......#.......#
............#.#...####
..........##.........#
..........##..)......#
...##.##........@....#
...##.###.##.....w...#
...#..##..........####
..#......#........#
..#..#####.....#### .....#
###.#.#
.....######..#.########.##
............##.#<.)......#
.##........##..#.........#


You could see a worm.

Vanquished Creatures
  Jessica (D:2)
  4 adders
  An ooze (D:2)
  3 worms (D:2)
  4 giant geckos
  2 orcs
  A ball python (D:1)
  4 bats
  3 giant cockroaches
  10 goblins
  11 hobgoblins
  13 kobolds
  6 rats
63 creatures vanquished.

Notes
Turn   | Place    | Note
--------------------------------------------------------------
     0 | D:1      | emikaela the Octopode Wanderer began the quest for the Orb.
     0 | D:1      | emikaela set off with: a +2 dagger, a scroll of blinking, a +0 spear, a potion of curing, a bread ration
     0 | D:1      | Reached XP level 1. HP: 11/11 MP: 1/1
     7 | D:1      | Noticed a hound
     7 | D:1      | Noticed a water moccasin
     7 | D:1      | Noticed a fire drake
     7 | D:1      | Noticed a killer bee
    68 | D:1      | Reached skill level 1 in Short Blades
   142 | D:1      | Reached XP level 2. HP: 17/17 MP: 2/2
   577 | D:1      | Reached XP level 3. HP: 18/21 MP: 3/3
  1194 | D:2      | Found a faded altar to an unknown god.
  1201 | D:2      | Became a worshipper of Ashenzari the Shackled
  1221 | D:2      | Found a sparkling altar of Nemelex Xobeh.
  1299 | D:2      | Noticed Jessica
  1461 | D:2      | Killed Jessica
  1461 | D:2      | Reached XP level 4. HP: 21/27 MP: 4/4
  1843 | D:2      | Reached XP level 5. HP: 17/31 MP: 5/5
  2468 | D:3      | Slain by a worm

Vault maps used:
D:1:      onia_arrival_zoo_common
D:2:      ecumenical_altar_2, nemelex_xobeh_ov_fountains_minmay, uniq_jessica
D:3:      nicolae_overflow_hidden_temple, minmay_tree_intersection

Action                   |  1- 3 |  4- 6 || total
-------------------------+-------+-------++-------
Melee: Dagger            |    67 |    76 ||   143
       Unarmed           |    11 |       ||    11
  Use: Scroll            |     1 |     2 ||     3
 Stab: Sleeping          |    14 |     9 ||    23
  Eat: Chunk             |     2 |     3 ||     5
